 Dungeon Crawl Stone Soup version 0.30.1-11-g7821555f0a (webtiles) character file.

Game seed: 4404858073907223210

200 jagang the Trooper (level 6, -1/48 HPs)
             Began as a Human Monk on Dec 28, 2023.
             Slain by a gnoll
             ... wielding a +0 halberd
              (5 damage)
             ... on level 4 of the Dungeon.
             The game lasted 00:06:27 (2489 turns).

jagang the Trooper (Human Monk)                     Turns: 2489, Time: 00:06:27

Health: -1/48      AC: 12    Str: 11    XL:     6   Next: 6%
Magic:  6/6        EV:  3    Int: 11    God:
Gold:   65         SH:  0    Dex: 17    Spells: 5/5 levels left

rFire   . . .        y - +2 scimitar
rCold   . . .        d - orb {light}
rNeg    . . .        n - +0 plate armour
rPois   .            (no helmet)
rElec   .            (no cloak)
rCorr   .            (no gloves)
SInv    .            r - +0 pair of boots
Will    .....        (no amulet) Stlth
                     (no ring)
HPRegen 0.28/turn    (no ring)
MPRegen 0.10/turn

%: no passive effects
@: glowing
A: no striking features
a: no special abilities


You were on level 4 of the Dungeon.
You visited 1 branch of the dungeon, and saw 4 of its levels.

You collected 240 gold pieces.
You spent 175 gold pieces at shops.

Inventory:

Hand Weapons
 p - the +2 dagger of the Unseen Realm {freeze, rF+ Str+3}
   (You found it on level 3 of the Dungeon)

   Str:       It affects your strength (+3).
   rF:        It protects you from fire.
 y - a +2 scimitar (weapon)
Missiles
 g - 6 atropa-tipped darts
 x - 3 poisoned darts (quivered)
Armour
 d - an orb of light (worn)
 n - a +0 plate armour (worn)
 r - a +0 pair of boots (worn)
Jewellery
 l - an amulet of magic regeneration
Wands
 q - a wand of mindburst (11)
 w - a wand of charming (6)
Scrolls
 f - 2 scrolls of poison {unknown}
 j - 3 scrolls of magic mapping {unknown}
 k - a scroll of enchant armour {unknown}
 o - a scroll of butterflies {unknown}
 t - a scroll of identify {unknown}
 u - a scroll of teleportation {unknown}
 v - a scroll of vulnerability {unknown}
Potions
 b - 2 potions of magic {unknown}
 c - 2 potions of ambrosia
 e - a potion of might {unknown}
 h - a potion of resistance {unknown}
 i - 2 potions of heal wounds {unknown}
 s - 2 potions of curing {unknown}


   Skills:
 + Level 4.0 Fighting
 + Level 4.0 Long Blades
 + Level 2.4 Armour
 - Level 4.0 Dodging


You had 5 spell levels left.
You didn't know any spells.
Your spell library contained the following spells:

 Spells                   Type           Power      Damage    Failure   Level
 Magic Dart               Conj           0%         1d3       100%        1
 Call Imp                 Summ           0%         N/A       100%        2
 Frozen Ramparts          Ice            0%         1d1       100%        3
 Mephitic Cloud           Conj/Pois/Air  0%         N/A       100%        3
 Ice Form                 Ice/Tmut       0%         N/A       100%        4
 Summon Ice Beast         Ice/Summ       0%         N/A       100%        4


Dungeon Overview and Level Annotations

Branches:
Dungeon (4/15)
 Temple: D:4-7

Altars:
Dithmenos
Kikubaaqudgha

Shops:
D:3 ?   D:4 !(


Message History

There is a stone staircase leading up here.
The gnoll hits you but does no damage. x2
You climb upwards.
There is a stone staircase leading down here.
You slash the gnoll!
The gnoll is heavily wounded.
The gnoll hits you but does no damage. The gnoll hits you with a +0 spear.
The gnoll hits you but does no damage. x2
You slash the gnoll!
You kill the gnoll!
The gnoll hits you but does no damage.
You have reached level 6!
You barely miss the gnoll. The gnoll hits you with a +0 spear.
You slash the gnoll!
The gnoll is severely wounded.
The gnoll hits you but does no damage.
You hit the gnoll.
The gnoll is severely wounded.
The gnoll hits you with a +0 spear.
You hit the gnoll.
You kill the gnoll!
You start resting.
HP restored.
You climb downwards.
There is a stone staircase leading up here.
The gnoll hits you from afar with a +0 halberd.
The gnoll hits you with a +0 halberd. The gnoll attacks as you move away!
The gnoll hits you but does no damage. The gnoll hits you with a +0 halberd.
The gnoll hits you from afar with a +0 halberd.
You slash the gnoll!
The gnoll is severely wounded.
The gnoll hits you with a +0 halberd!
The gnoll hits you from afar with a +0 halberd!
You hit the gnoll but do no damage.
The gnoll is severely wounded.
The gnoll hits you from afar with a +0 halberd!
* * * LOW HITPOINT WARNING * * *
The gnoll hits you with a +0 halberd.
You die...

#.# #.# #.###
#.# #.#.. #.#
#.## #.... #.#
#.##.#...# #.#
##.##.#...#
#.#....
.........#######
#.#.#..
........g.......
#.#.#.# #.# #.@#
#.#.#.# #.# #..#
#.#.#.###.#.#
#g.#
#.#.#.#[....#
#.<#
..#.#.#.#.#.#
#..#
............#
#.>.
###.#.#.....#
#.###
#.#...........
#.###.....###.


You could see 2 gnolls.

Vanquished Creatures
  Pargi (D:3)
  2 gnolls (D:3)
  An adder (D:3)
  2 worms (D:2)
  3 dart slugs
  2 orcs
  4 ball pythons
  5 endoplasms
  A giant cockroach (D:1)
  3 goblins
  4 hobgoblins
  7 jackals (D:2)
  9 kobolds
  2 quokkas
  6 bats
  2 frilled lizards
  6 rats
60 creatures vanquished.

Notes
Turn   | Place    | Note
-------+----------+-------------------------------------------
     0 | D:1      | jagang the Human Monk began the quest for the Orb.
     0 | D:1      | Reached XP level 1. HP: 18/18 MP: 1/1
     8 | D:1      | Found a faded altar of an unknown god.
   116 | D:1      | Reached XP level 2. HP: 24/24 MP: 2/2
   560 | D:1      | Reached skill level 1 in Armour
   697 | D:2      | Reached XP level 3. HP: 27/29 MP: 3/3
   875 | D:2      | You fall into a shaft and drop 2 floors!
   894 | D:4      | Found Mej Irap's Distillery.
   914 | D:4      | Found Cusmoom's Antique Weapon Boutique.
   948 | D:3      | Found an ancient bone altar of Kikubaaqudgha.
  1014 | D:3      | Noticed Pargi
  1052 | D:3      | Killed Pargi
  1053 | D:3      | Reached XP level 4. HP: 9/37 MP: 4/4
  1053 | D:3      | Reached XP level 5. HP: 10/42 MP: 5/5
  1192 | D:3      | Found a shadowy altar of Dithmenos.
  1219 | D:3      | Identified the +2 dagger of the Unseen Realm {freeze, rF+
                  | Str+3}
  1251 | D:3      | Found Ajoenot's Magic Scroll Shoppe.
  2346 | D:4      | Bought a scimitar for 100 gold pieces
  2395 | D:3      | Bought a scroll of enchant weapon for 75 gold pieces
  2453 | D:3      | Reached XP level 6. HP: 44/48 MP: 6/6
  2489 | D:4      | Slain by a gnoll

Illustrated notes

Levels and vault maps discovered:
D:1:      ncdulo_lavacross, layout_loops_ring, ebering_ecumenical_altar_mist,
          roderic_roman_lattice
D:2:      layout_basic, grunt_ministairs_8
D:3:      layout_loops_cross, mainiacjoe_overflow_chevrons,
          nicolae_dithmenos_shadow_blocks, serial_shops, shop, uniq_pargi
D:4:      layout_loops_ring, okawaru_altar_gauntlet_db, serial_shops,
          nicolae_shop_getting_attention, nicolae_shop_tiny_glass, shop,
          nicolae_square_shop, nicolae_shop_tiny_statue_garden

Skill      XL: |  1  2  3  4  5 |
---------------+----------------+-----
Armour         | 1 2 |  2.4
Fighting       | 4 |  4.0
Dodging        | 4 |  4.0
Long Blades    | 4 |  4.0

Action                     |  1- 3 |  4- 6 || total
---------------------------+-------+-------++-------
  Melee: Falchion          |    29 |       ||    29
         Dagger            |   103 |    84 ||   187
         Scimitar          |       |     8 ||     8
  Throw: Dart              |     5 |       ||     5
    Use: Scroll            |       |     2 ||     2
 Armour: Leather armour    |     4 |       ||     4
         Ring mail         |    29 |       ||    29
         Plate armour      |    46 |    68 ||   114
  Dodge: Dodged            |    57 |    16 ||    73
